 Dungeon Crawl Stone Soup version 0.28-a0-1080-g05a166d0ed (webtiles) character file.

Game seed: 9288886658778823428

99 wakim the Stinger (level 4, 0/28 HPs)
             Began as an Octopode Venom Mage on Dec 10, 2021.
             Succumbed to miscasting Olgreb's Toxic Radiance's poison
             ... on level 2 of the Dungeon.
             The game lasted 00:08:01 (3953 turns).

wakim the Stinger (Octopode Venom Mage)             Turns: 3953, Time: 00:08:01

Health: 0/28       AC:  1    Str:  7    XL:     4   Next: 72%
Magic:  4/8        EV: 13    Int: 19    God:
Gold:   41         SH:  0    Dex: 12    Spells: 2/9 levels left

rFire   . . .      SeeInvis .   (no weapon)
rCold   . . .      Faith    .   (no shield)
rNeg    . . .      Spirit   .   (helmet restricted)
rPois   .          Reflect  .   (no amulet)
rElec   .          Harm     .   (no ring)
rCorr   .          Rampage  .   (no ring)
Will    .....                   (no ring)
Stlth   +++.......              (no ring)
HPRegen 0.09/turn               (no ring)
MPRegen 0.11/turn               (no ring)
                                (no ring)
                                (no ring)

@: lethally poisoned (0 -> -1), very slightly contaminated
A: almost no armour, amphibious, 8 rings, camouflage 1, gelatinous body 1,
(nimble swimmer 1), tentacles
a: no special abilities


You were on level 2 of the Dungeon.
You visited 1 branch of the dungeon, and saw 3 of its levels.

You collected 41 gold pieces.

Inventory:

Scrolls
 b - 2 scrolls of noise {unknown}
 c - a scroll of torment {unknown}
 g - a scroll of teleportation {unknown}
 V - 3 scrolls of vulnerability {!r!r}
Potions
 a - a potion of lignification {unknown}
 d - a potion of might {unknown}
 e - a potion of degeneration {unknown}
 f - a potion of heal wounds {unknown}
 h - a potion of berserk rage {unknown}
 i - a potion of curing {unknown}


   Skills:
 + Level 1.0 Fighting
 - Level 2.0 Dodging
 * Level 2.8 Stealth
 - Level 3.0 Spellcasting
 - Level 3.0 Transmutations
 * Level 4.0 Poison Magic


You had 2 spell levels left.
You knew the following spells:

 Your Spells              Type           Power      Damage    Failure   Level
a - Sting                 Tmut/Pois      64%        1d6       3%          1
x - Poisonous Vapours     Pois/Air       20%        N/A       10%         2
y - Olgreb's Toxic Radia  Pois           18%        N/A       28%         4

Your spell library contained the following spells:

 Spells                   Type           Power      Damage    Failure   Level
 Wereblood                Tmut           14%        N/A       7%          2
 Sublimation of Blood     Necr           2%         N/A       22%         2
 Mephitic Cloud           Conj/Pois/Air  7%         N/A       26%         3
 Summon Hydra             Summ           1%         N/A       100%        7


Dungeon Overview and Level Annotations

Branches:
Dungeon (3/15)

Altars:

Shops:
D:2 =


Innate Abilities, Weirdness & Mutations

You cannot wear most types of armour.
You are amphibious.
You can wear up to eight rings at the same time.
Your skin changes colour to match your surroundings (Stealth+).
Your rubbery body absorbs attacks. (AC +1, EV +1)
((You are camouflaged near water. (Stealth+)))
You have tentacles for arms and can constrict up to eight enemies at once.


Message History

The sting hits the bat.
The bat is poisoned.
You kill the bat!
Things that are here:
a bat corpse; a hobgoblin corpse
h - a puce potion
Found 13 gold pieces.
You now have 41 gold pieces (gained 13).
You pick up a book of Blood and begin reading...
You add the spells Sublimation of Blood, Wereblood and Summon Hydra to your library.
Found a scroll of vulnerability.
A quokka comes into view.
A goblin comes into view. It is wielding a +0 dagger.
The goblin shouts!
You hear a shout! x3
A kobold comes into view. It is wielding a +0 club.
You hear a bark!
The sting misses the goblin.
You hear a shout!
A kobold comes into view. It is wielding a +0 dagger.
Casting: Sting (safe; 3% risk of failure)
Confirm with . or Enter, or press ? or * to list all spells.
The spell is potentially lethal to miscast (28% risk of failure)!
Continue anyway?
You miscast Olgreb's Toxic Radiance.
You are very lightly contaminated with residual magic.
You feel odd!
You are poisoned.
Ouch! That really hurt!
* * * LOW HITPOINT WARNING * * *
The kobold shouts!
You feel sick. The goblin closely misses you.
You feel sick.
You feel sick.
You feel sick. The quokka bites you.
* * * LOW HITPOINT WARNING * * *
* * * LOW HITPOINT WARNING * * *
You feel sick.
There is a stone staircase leading up here.
* * * LOW HITPOINT WARNING * * *
You feel sick. The quokka closely misses you.
You climb upwards.
You die...

.## ##..###
##.##.###..... ##
##...#
##........... #
###.#
######...#...#...
#.#
#...##..###..##+#
#.#
#......#.#.#.##.#
#.#
#...##...#...##.#
#.#
###.###...#...##.#
# #######.#
#.r.......#.......
# #.......#
#@#.#.....#.......
####.#######
#.#...........#...
.....#
#.###.##.#.##.#..#
###### #.#
#.##...##.....
#.###.####.####.##
#.....# #......#
####### ########


You could see a quokka.

Vanquished Creatures
  2 adders (D:2)
  A worm (D:2)
  A dart slug (D:2)
  6 endoplasms (D:1)
  2 giant cockroaches
  A goblin (D:1)
  9 hobgoblins
  18 jackals
  4 kobolds
  5 quokkas
  3 ball pythons (D:1)
  7 bats
  2 frilled lizards (D:1)
  3 rats
64 creatures vanquished.

Notes
Turn   | Place    | Note
-------+----------+-------------------------------------------
     0 | D:1      | wakim the Octopode Venom Mage began the quest for the Orb.
     0 | D:1      | Reached XP level 1. HP: 11/11 MP: 3/3
   399 | D:1      | Reached XP level 2. HP: 17/17 MP: 1/5
   464 | D:1      | Reached skill level 4 in Poison Magic
  1124 | D:1      | Reached XP level 3. HP: 21/21 MP: 3/6
  2016 | D:1      | Found a faded altar of an unknown god.
  2290 | D:2      | Reached XP level 4. HP: 14/27 MP: 5/8
  2486 | D:2      | Learned a level 2 spell: Poisonous Vapours
  2604 | D:2      | Learned a level 4 spell: Olgreb's Toxic Radiance
  2684 | D:2      | Found Luexad's Jewellery Boutique.
  3336 | D:2      | Reached skill level 1 in Fighting
  3952 | D:3      | HP: 1/28 [poisoned by miscasting Olgreb's Toxic Radiance]
  3953 | D:2      | Succumbed to miscasting Olgreb's Toxic Radiance's poison

Illustrated notes

Levels and vault maps discovered:
D:1:      psy_arrival_terrarium, layout_loops_ring,
          chequers_ecumenical_altar_grove
D:2:      layout_loops_corners, serial_shops, nicolae_shop_advertising_works
          [nicolae_subvault_shop_adworks], chequers_hall_statues_corner_a,
          minmay_tromino_v4_b
D:3:      layout_basic, minmay_fractal_squares_5

Skill      XL: |  1  2  3  4 |
---------------+-------------+-----
Poison Magic   | 4 |  4.0
Transmutations | 2 3 |  3.0
Spellcasting   | 3 |  3.0
Fighting       | 1 |  1.0
Dodging        | |  2.0
Stealth        | |  2.8

Action                   |  1- 3 |  4- 6 || total
-------------------------+-------+-------++-------
Melee: Unarmed           |    25 |     4 ||    29
       Constrict         |     2 |     3 ||     5
       Tentacles         |     5 |     2 ||     7
 Cast: Sting             |    64 |    39 ||   103
  Use: Scroll            |       |     1 ||     1
Armor: Skin              |     4 |     3 ||     7
Dodge: Dodged            |    42 |    12 ||    54

Table legend: (Time is in decaauts)
 A = Elapsed time spent in this place.
 B = Non-inter-level travel time spent in this place.
 C = Inter-level travel time spent in this place.
 D = Time resting spent in this place.
 E = Time spent auto-exploring this place.
 F = Levels seen in this place.
 G = Mean time per level.
                   A        B        C        D        E       F      G
               +--------+--------+--------+--------+--------+-----+--------+
         Total |   3952 |   3895 |     57 |    653 |   2713 |   3 | 1317.3 |
       Dungeon |   3952 |   3895 |     57 |    653 |   2713 |   3 | 1317.3 |
               +--------+--------+--------+--------+--------+-----+--------+

Top non-repeatable levels by time:
     D:1: 2241 daAuts
     D:2: 1520 daAuts
     D:3: 190 daAuts
